 Dungeon Crawl Stone Soup version 0.28-a0-1033-g1a2f33fa85 (webtiles) character file.

Game seed: 2579870010745969613

9633 vineage the Warrior (level 11, -1/121 HPs)
             Began as a Minotaur Fighter on Dec 7, 2021.
             Was a High Priest of Okawaru.
             Succumbed to Sonja's poison
             ... on level 10 of the Dungeon.
             The game lasted 00:11:34 (7755 turns).

vineage the Warrior (Minotaur Fighter)              Turns: 7755, Time: 00:11:35

Health: -1/121     AC:  9    Str: 27    XL:     11   Next: 25%
Magic:  19/19      EV:  8    Int:  5    God:    Okawaru [*****.]
Gold:   388        SH: 10    Dex: 14    Spells: 10/10 levels left

rFire   + . .      SeeInvis .   v - +9 broad axe of Baifethru {freeze, rElec}
rCold   + . .      Faith    .   n - +0 kite shield
rNeg    . . .      Spirit   .   b - +0 scale mail
rPois   +          Reflect  .   (helmet restricted)
rElec   +          Harm     .   y - +0 cloak
rCorr   +          Rampage  .   (no gloves)
Will    .....                   (no boots)
Stlth   ..........              g - amulet "Puros" {rElec Regen+ Str+6}
HPRegen 1.10/turn               o - +4 ring of protection
MPRegen 0.16/turn               h - ring of magical power

@: lethally poisoned (-1 -> -18), resistant, corroded, slowed, very slow
A: horns 2, retaliatory headbutt
a: Renounce Religion, Heroism, Finesse, Duel


You were on level 10 of the Dungeon.
You worshipped Okawaru.
Okawaru was extremely pleased with you.
You visited 2 branches of the dungeon, and saw 11 of its levels.

You collected 388 gold pieces.

Inventory:

Hand Weapons
 a - a +1 vampiric flail
 v - the +9 broad axe of Baifethru (weapon) {freeze, rElec}
   (Okawaru gifted it to you on level 8 of the Dungeon)

   It freezes those it strikes, dealing additional cold damage.
   It can also slow down cold-blooded creatures.
   rElec:     It insulates you from electricity.
Missiles
 A - 2 throwing nets (quivered)
Armour
 b - a +0 scale mail (worn)
 n - a +0 kite shield (worn)
 y - a +0 cloak (worn)
Jewellery
 e - a ring of ice
 g - the amulet "Puros" (around neck) {rElec Regen+ Str+6}
   (You acquired it on level 1 of the Dungeon)

   [amulet of regeneration]

   Str:       It affects your strength (+6).
   rElec:     It insulates you from electricity.
   Regen:     It increases your rate of health regeneration.
 h - a ring of magical power (right hand)
 k - a ring of ice
 o - a +4 ring of protection (left hand)
 w - an amulet of the acrobat
 B - a ring of positive energy
 D - a ring of protection from fire
Wands
 f - a wand of iceblast (6)
 l - a wand of mindburst (14)
 r - a wand of paralysis (13)
 x - a wand of flame (31)
Scrolls
 i - 3 scrolls of teleportation
 s - 4 scrolls of blinking
 t - a scroll of amnesia
Potions
 d - a potion of resistance
 j - 2 potions of might
 m - a potion of lignification
 p - a potion of heal wounds {unknown}
 q - a potion of ambrosia {unknown}
 u - 3 potions of mutation
 C - a potion of invisibility {unknown}


   Skills:
 - Level 18.4 Fighting
 - Level 2.6 Maces & Flails
 + Level 7.9 Armour
 + Level 7.9 Shields


You had 10 spell levels left.
You didn't know any spells.
Your spell library contained the following spells:

 Spells                   Type           Power      Damage    Failure   Level
 Pain                     Necr           0%         1d4       95%         1
 Corpse Rot               Necr/Air       0%         N/A       99%         2
 Static Discharge         Conj/Air       0%         N/A       99%         2
 Ignite Poison            Fire/Tmut/Pois 0%         N/A       100%        3
 Mephitic Cloud           Conj/Pois/Air  0%         N/A       100%        3
 Dispel Undead            Necr           0%         3d6       100%        4
 Sticky Flame             Conj/Fire      0%         2d3       100%        4
 Agony                    Necr           0%         N/A       100%        5
 Excruciating Wounds      Necr           0%         N/A       100%        5
 Freezing Cloud           Conj/Ice/Air   0%         6-21      100%        5
 Iskenderun's Battlesphe  Conj           0%         2d6       100%        5
 Iron Shot                Conj/Erth      0%         9d1       100%        6
 Death Channel            Necr           Unusable   N/A       N/A         6
 Spellforged Servitor     Conj/Summ      Unusable   N/A       N/A         7

Dungeon Overview and Level Annotations

Branches:
Dungeon (10/15)            Temple (1/1) D:4
   Lair: D:8-11         Orc: D:9-12

Altars:
Cheibriados
Dithmenos
Elyvilon
Fedhas
Gozag
Hepliaklqana
Kikubaaqudgha
Makhleb
Nemelex Xobeh
Okawaru
Qazlal
Ru
Sif Muna
Trog
Uskayaw
Vehumet
Wu Jian
Xom
Yredelemnul
Zin
The Shining One
Lugonu

Shops:
D:2 **:=   D:7 :

Annotations:
D:10 Sonja


Innate Abilities, Weirdness & Mutations

You have a pair of horns on your head.
You reflexively headbutt those who attack you in melee.


Message History

You are more poisoned.
Sonja hits you but does no damage.
You are more poisoned.
You block Sonja's attack.
Sonja hits you with a +0 short sword of venom.
You are more poisoned.
Sonja hits you with a +0 short sword of venom.
Sonja hits you but does no damage.
You are more poisoned.
Sonja zaps a wand.
The bolt of acid hits you!!
You miss Sonja. Your headbutt misses Sonja.
Sonja is moderately wounded.
You feel extremely sick.
Sonja shouts, "Some dancing partner you are!"
You block Sonja's attack. Sonja hits you but does no damage.
You are more poisoned.
You block Sonja's attack.
Sonja hits you with a +0 short sword of venom. x2
You are more poisoned.
Sonja hits you with a +0 short sword of venom.
Sonja mumbles some strange words.
Sonja blinks!
You are too injured to fight recklessly!
You feel extremely sick.
Sonja zaps a wand.
The bolt of acid hits you!!
* * * LOW HITPOINT WARNING * * *
The acid corrodes you!
The now-empty wand crumbles to dust.
You feel better. Sonja closely misses you. You block Sonja's attack.
Sonja hits you but does no damage.
You are poisoned.
Sonja bows elegantly.
Sonja hits you with a +0 short sword of venom.
* * * LOW HITPOINT WARNING * * *
You are lethally poisoned!
Sonja hits you with a +0 short sword of venom.
* * * LOW HITPOINT WARNING * * *
You are more poisoned.
You block Sonja's attack.
You feel protected.
You die...

##+### #....#
############....#
#......<#..#....#
#.......'.......#
#.K@....#.......#
#....####..#....#
#...... #..#....#
#.......#..#....#
##+######..#..<.#
##+######


You could see Sonja.

Vanquished Creatures
  Harold (D:9)
  A two-headed ogre (D:9)
  Erica (D:8)
  2 deep elf pyromancers (D:7)
  An ugly thing (D:7)
  A cyclops (D:7)
  Maurice (D:8)
  A troll (D:7)
  A hornet (D:7)
  2 shadows (D:9)
  A wyvern (D:8)
  4 yaks
  A wraith (D:9)
  4 steam dragons
  2 water moccasins
  3 orc warriors
  2 ice beasts
  2 necrophages (D:9)
  An ogre (D:5)
  A centaur (D:7)
  A phantom (D:5)
  4 bullfrogs
  A wyvern zombie (D:9)
  A gnoll sergeant (D:9)
  A water moccasin zombie (D:6)
  A scorpion (D:4)
  A wyvern skeleton (D:7)
  17 killer bees
  7 electric eels (D:8)
  5 howler monkeys
  A centaur skeleton (D:7)
  5 centaur zombies
  2 hounds
  A human zombie (D:9)
  Crazy Yiuf (D:6)
  An iguana (D:6)
  An orc priest (D:4)
  8 orc wizards
  2 killer bee zombies
  A hound skeleton (D:4)
  3 mummies (D:9)
  3 howler monkey zombies
  5 gnolls
  A howler monkey skeleton (D:7)
  8 adders
  A shadow imp (D:6)
  3 white imps
  4 worms
  2 dart slugs
  28 orcs
  3 endoplasms
  6 giant cockroaches (D:2)
  10 goblins
  5 hobgoblins
  8 jackals
  3 quokkas
  2 ball pythons
  6 bats
  2 frilled lizards
  2 kobolds
  A rat (D:2)
201 creatures vanquished.

Vanquished Creatures (others)
  46 plants
46 creatures vanquished.

Grand Total: 247 creatures vanquished

Notes
Turn   | Place    | Note
-------+----------+-------------------------------------------
     0 | D:1      | vineage the Minotaur Fighter began the quest for the Orb.
     0 | D:1      | Reached XP level 1. HP: 19/19 MP: 0/0
    35 | D:1      | Reached skill level 4 in Fighting
   200 | D:1      | Reached XP level 2. HP: 27/28 MP: 1/1
   285 | D:1      | Found a faded altar of an unknown god.
   511 | D:1      | Identified a scroll of acquirement
   511 | D:1      | Acquired the amulet "Puros" {rElec Regen+ Str+6}
   561 | D:2      | Found Tatiw's Book Shop.
   575 | D:2      | Reached skill level 5 in Fighting
   605 | D:2      | Reached XP level 3. HP: 34/36 MP: 2/2
   793 | D:2      | Found a hazy altar of Hepliaklqana.
   860 | D:2      | Reached skill level 6 in Fighting
   860 | D:2      | Reached XP level 4. HP: 8/44 MP: 3/3
  1055 | D:2      | Found Gifani's Assorted Antiques.
  1071 | D:2      | Found Vottacap's General Store.
  1142 | D:2      | Found Roamow's Jewellery Shop.
  1336 | D:3      | Found a hide-covered altar of Uskayaw.
  1516 | D:3      | Reached skill level 7 in Fighting
  1516 | D:3      | Reached XP level 5. HP: 49/52 MP: 4/4
  1757 | D:3      | Found a shimmering blue altar of Sif Muna.
  1877 | D:4      | Reached skill level 8 in Fighting
  2126 | D:4      | Found a staircase to the Ecumenical Temple.
  2133 | D:4      | Reached XP level 6. HP: 30/61 MP: 5/5
  2147 | Temple   | Entered the Ecumenical Temple
  2175 | Temple   | Became a worshipper of Warmaster Okawaru
  2272 | D:4      | Found a stormy altar of Qazlal.
  2388 | D:5      | Entered Level 5 of the Dungeon
  2392 | D:5      | Noticed an ice beast
  2403 | D:5      | Killed an ice beast
  2405 | D:5      | Reached skill level 9 in Fighting
  2422 | D:5      | Reached * piety under Okawaru
  2488 | D:5      | Reached XP level 7. HP: 68/71 MP: 6/6
  2492 | D:5      | Found a radiant altar of Vehumet.
  2636 | D:5      | Reached skill level 10 in Fighting
  3050 | D:6      | Found a sacrificial altar of Ru.
  3069 | D:6      | Reached skill level 11 in Fighting
  3243 | D:6      | Found a runed translucent door.
  3244 | D:6      | Noticed Crazy Yiuf
  3391 | D:6      | Found a white marble altar of Elyvilon.
  3391 | D:6      | Found a glowing silver altar of Zin.
  3395 | D:6      | Found a glowing golden altar of the Shining One.
  3472 | D:6      | Reached XP level 8. HP: 82/82 MP: 7/7
  3554 | D:6      | Killed Crazy Yiuf
  3604 | D:7      | Reached ** piety under Okawaru
  3605 | D:7      | Reached skill level 12 in Fighting
  3852 | D:7      | Reached skill level 13 in Fighting
  3943 | D:7      | Noticed a hornet
  3946 | D:7      | Paralysed by a hornet for 3 turns
  3951 | D:7      | Killed a hornet
  3952 | D:7      | Reached skill level 14 in Fighting
  3969 | D:7      | Reached XP level 9. HP: 57/96 MP: 8/8
  3972 | D:7      | Reached *** piety under Okawaru
  3975 | D:7      | Noticed a purple ugly thing
  3981 | D:7      | Killed a purple ugly thing
  3982 | D:7      | Reached skill level 15 in Fighting
  3984 | D:7      | Noticed a deep elf pyromancer
  4209 | D:7      | Found Gata's Book Emporium.
  4261 | D:7      | Noticed a cyclops
  4283 | D:7      | Killed a cyclops
  4283 | D:7      | Reached **** piety under Okawaru
  4284 | D:7      | Reached skill level 16 in Fighting
  4285 | D:7      | Noticed a deep elf pyromancer
  4385 | D:7      | Found an ornate altar of the Wu Jian Council.
  4386 | D:7      | Found a shadowy altar of Dithmenos.
  4591 | D:7      | Killed a deep elf pyromancer
  4841 | D:7      | Noticed a troll
  4853 | D:7      | Killed a troll
  4854 | D:7      | Reached skill level 17 in Fighting
  5209 | D:7      | Reached XP level 10. HP: 91/111 MP: 9/9
  5457 | D:7      | Killed a deep elf pyromancer
  5457 | D:7      | Received a gift from Okawaru
  5748 | D:8      | Reached skill level 18 in Fighting
  5763 | D:8      | Noticed Erica
  5775 | D:8      | Killed Erica
  5775 | D:8      | Reached ***** piety under Okawaru
  5858 | D:8      | Identified the +9 broad axe of Baifethru {freeze, rElec}
                  | (Okawaru gifted it to you on level 8 of the Dungeon)
  5858 | D:8      | Received a gift from Okawaru
  5976 | D:8      | Noticed Maurice
  5980 | D:8      | Paralysed by Maurice for 2 turns
  5987 | D:8      | Killed Maurice
  6293 | D:8      | Reached skill level 5 in Armour
  6293 | D:8      | Reached skill level 5 in Shields
  6900 | D:9      | Noticed a two-headed ogre
  6907 | D:9      | Killed a two-headed ogre
  6908 | D:9      | Reached XP level 11. HP: 52/121 MP: 10/10
  7028 | D:9      | Found a bloodstained altar of Trog.
  7057 | D:9      | Found a burning altar of Makhleb.
  7063 | D:9      | Identified the +8 whip of the People {vamp, rF+ Int+2}
  7117 | D:9      | Found a basalt altar of Yredelemnul.
  7244 | D:9      | Noticed Harold
  7262 | D:9      | Killed Harold
  7275 | D:9      | HP: 6/121 [shadow (2)]
  7735 | D:10     | Entered Level 10 of the Dungeon
  7743 | D:10     | Noticed Sonja
  7753 | D:10     | HP: 5/121 [Sonja/bolt of acid (27)]
  7755 | D:10     | Succumbed to Sonja's poison

Illustrated notes

Levels and vault maps discovered:
D:1:      dpeg_arrival_tiny_b, layout_basic, hellmonk_ecumenical_altar_zigzags
D:2:      layout_rooms, serial_shops, nicolae_lakefront_shop, shop,
          nicolae_shop_behind_doors, shop, basic_altar, grunt_ministairs_1,
          amcnicky_mini_pool_small, minmay_worlds_worst_comb
D:3:      layout_loops_ring, lemuel_blue_sif_altar, lemuel_crystal_altar,
          hex_large
D:4:      layout_cave_pools, mainiacjoe_overflow_alcove_4,
          minmay_temple_entry_proselytizer
D:5:      minmay_spotlight, layout_loops_cross, amcnicky_altar_gilded,
          corexii_shack, st_stairs_14
D:6:      layout_basic, good_gods_temple_1, nicolae_ru_the_path_less_chosen,
          uniq_crazy_yiuf_cottage
D:7:      layout_layer_cave, mainiacjoe_overflow_divided_tiny, serial_shops,
          shop, grunt_ministairs_4, minmay_shattered_shrine
D:8:      layout_gridville, enter_bailey_2, serial_bayou, serial_bayou_shore_b,
          serial_bayou_crossing, serial_bayou_lake_a, serial_bayou_ford_a,
          serial_bayou_lagoon_a, uniq_maurice, uniq_erica
D:9:      layout_roguey, bloody_makhleb, mainiacjoe_overflow_six_doors_small,
          lemuel_mausoleum_altar_yredelemnul, st_stairs_1, uniq_harold
D:10:     layout_grid_maze, eino_jars, uniq_erolcha, uniq_sonja
Temple:   corrupted_temple

Skill      XL: |  1  2  3  4  5  6  7  8  9 10 11 |
---------------+----------------------------------+-----
Fighting       | 4 5 6 7 8 9 11 14 17 18 | 18.4
Armour         | 6 7 |  7.9
Shields        | 6 7 |  7.9
Maces & Flails | |  2.6

Action                   |  1- 3 |  4- 6 |  7- 9 | 10-12 || total
-------------------------+-------+-------+-------+-------++-------
Melee: Flail             |    85 |   113 |   186 |    64 ||   448
       Headbutt          |     8 |    20 |    61 |    39 ||   128
       Broad axe         |       |       |       |   112 ||   112
Invok: Heroism           |       |       |     5 |     5 ||    10
  Use: Scroll            |     2 |     4 |     9 |     4 ||    19
       Potion            |       |     2 |     1 |     2 ||     5
Armor: Scale mail        |    43 |    38 |    87 |   110 ||   278
Dodge: Dodged            |    41 |    51 |    63 |    89 ||   244
Block: Buckler           |    17 |    13 |       |       ||    30
       Kite shield       |       |    19 |   114 |   132 ||   265

Table legend: (Time is in decaauts)
 A = Elapsed time spent in this place.
 B = Non-inter-level travel time spent in this place.
 C = Inter-level travel time spent in this place.
 D = Time resting spent in this place.
 E = Time spent auto-exploring this place.
 F = Levels seen in this place.
 G = Mean time per level.
                   A        B        C        D        E       F      G
               +--------+--------+--------+--------+--------+-----+--------+
         Total |   8081 |   7789 |    292 |    645 |   5483 |  11 |  734.6 |
       Dungeon |   8041 |   7763 |    278 |    645 |   5462 |  10 |  804.1 |
        Temple |     39 |     25 |     14 |      0 |     21 |   1 |   39.0 |
               +--------+--------+--------+--------+--------+-----+--------+

Top non-repeatable levels by time:
     D:7: 2012 daAuts
     D:8: 1389 daAuts
     D:9: 958 daAuts
     D:6: 718 daAuts
     D:2: 718 daAuts
     D:3: 586 daAuts
     D:1: 565 daAuts
     D:5: 538 daAuts
     D:4: 529 daAuts
  Temple: 39 daAuts
    D:10: 25 daAuts
